 Dungeon Crawl Stone Soup version 0.29-a0-844-ge8845773e3 (webtiles) character file.

Game seed: 11373879480684824720

6624 kyyface the Basher (level 10, -9/90 HPs)
             Began as a Minotaur Berserker on July 15, 2022.
             Was a High Priest of Trog.
             Mangled by Harold
             ... wielding a +0 battleaxe
              (11 damage)
             ... on level 1 of the Orcish Mines.
             The game lasted 00:51:12 (8988 turns).

kyyface the Basher (Minotaur Berserker)             Turns: 8988, Time: 00:51:12

Health: -9/90      AC: 27    Str: 25    XL:     10   Next: 72%
Magic:  9/9        EV:  8    Int:  4    God:    Trog [*****.]
Gold:   469        SH:  0    Dex: 11    Spells: 9/9 levels left

rFire   + . .      SeeInvis +   y - +4 flail (protect)
rCold   . . .      Faith    +   (no shield)
rNeg    . . .      Spirit   .   r - +1 plate armour {rF+}
rPois   .          Reflect  .   (helmet restricted)
rElec   .          Harm     .   L - +0 cloak
rCorr   .          Rampage  .   o - +0 pair of gloves
Will    .....                   t - +0 pair of boots
Stlth   ..........              m - amulet of faith
HPRegen 0.25/turn               c - ring of see invisible
MPRegen 0.11/turn               x - ring of flight

@: marked, under a protective aura, flying
A: horns 2, retaliatory headbutt
a: Renounce Religion, Berserk, Trog's Hand, Brothers in Arms


You were on level 1 of the Orcish Mines.
You worshipped Trog.
Trog was extremely pleased with you.
You visited 3 branches of the dungeon, and saw 11 of its levels.

You collected 469 gold pieces.

Inventory:

Hand Weapons
 a - a +0 falchion
 d - a +2 dagger of venom
 s - a +5 dagger of venom
 y - a +4 flail of protection (weapon)
 P - a +0 whip of venom
 R - a +3 falchion
 T - a -2 demon whip of venom
 W - a +5 long sword
 X - a +0 dagger of venom
Missiles
 A - 2 poisoned darts (quivered)
 B - a throwing net
Armour
 b - a +0 animal skin
 j - a +0 chain mail
 o - a +0 pair of gloves (worn)
 r - a +1 plate armour of fire resistance (worn)
 t - a +0 pair of boots (worn)
 w - a +0 ring mail
 z - a +0 ring mail
 G - an orb of wrath
 J - a +1 chain mail of fire resistance
 L - a +0 cloak (worn)
 Q - a +1 robe of resistance
 Y - a +0 helmet
Jewellery
 c - a ring of see invisible (left hand)
 m - an amulet of faith (around neck)
 x - a ring of flight (right hand)
Wands
 D - a wand of light (13)
 F - a wand of charming (13)
Scrolls
 i - 2 scrolls of poison {unknown}
 k - 8 scrolls of identify {unknown}
 l - 2 scrolls of enchant armour {unknown}
 p - 2 scrolls of fear {unknown}
 q - a scroll of silence {unknown}
 u - 2 scrolls of noise {unknown}
 v - 2 scrolls of teleportation {unknown}
 H - 3 scrolls of fog {unknown}
 K - a scroll of blinking {unknown}
 N - a scroll of amnesia {unknown}
 O - 2 scrolls of magic mapping {unknown}
 S - a scroll of enchant weapon {unknown}
 U - a scroll of summoning
Potions
 e - 2 potions of resistance {unknown}
 f - a potion of ambrosia {unknown}
 g - 6 potions of heal wounds {unknown}
 h - 2 potions of brilliance {unknown}
 n - 4 potions of curing {unknown}
 C - 3 potions of berserk rage {unknown}
 E - a potion of degeneration {unknown}
 I - a potion of attraction {unknown}
 M - a potion of haste
 V - 2 potions of might {unknown}


   Skills:
 + Level 8.8 Fighting
 + Level 4.5(6.0) Short Blades
 + Level 6.8(7.5) Long Blades
 + Level 11.5 Maces & Flails
 + Level 2.7 Throwing
 + Level 10.3 Armour
 + Level 3.8 Dodging
 + Level 0.7 Stealth


You had 9 spell levels left.
You didn't know any spells.
Your spell library contained the following spells:

 Spells                   Type           Power      Damage    Failure   Level
 Sandblast                Erth           0%         2d4       99%         1
 Shock                    Conj/Air       0%         1d3       99%         1
 Passwall                 Tmut/Erth      0%         N/A       100%        2
 Dazzling Flash           Conj/Hex       0%         N/A       100%        3
 Stone Arrow              Conj/Erth      0%         3d7       100%        3
 Summon Guardian Golem    Hex/Summ       0%         N/A       100%        3
 Swiftness                Air            0%         N/A       100%        3
 Airstrike                Air            0%         0-1+      100%        4
 Iskenderun's Mystic Bla  Conj/Tloc      0%         2d3       100%        4
 Iskenderun's Battlesphe  Conj           0%         2d6       100%        5
 Iron Shot                Conj/Erth      0%         9d1       100%        6
 Starburst                Conj/Fire      0%         6d3       100%        6
 Orb of Destruction       Conj           0%         9d5       100%        7
 Spellforged Servitor     Conj/Summ      0%         N/A       100%        7


Dungeon Overview and Level Annotations

Branches:
Dungeon (9/15)             Temple (1/1) D:4            Lair (0/6) D:9
    Orc (1/2) D:9

Altars:
Ashenzari
Cheibriados
Dithmenos
Elyvilon
Fedhas
Gozag
Kikubaaqudgha
Makhleb
Nemelex Xobeh
Okawaru
Qazlal
Ru
Sif Muna
Trog
Uskayaw
Vehumet
Wu Jian
Xom
Yredelemnul
Zin
The Shining One

Annotations:
Orc:1 Harold


Innate Abilities, Weirdness & Mutations

You have a pair of horns on your head.
You reflexively headbutt those who attack you in melee.


Message History

You thump Harold! You headbutt Harold, but do no damage.
Harold is heavily wounded.
The orc warrior hits you but does no damage.
The orc hits you but does no damage.
The orc warrior hits you but does no damage.
Harold completely misses you.
Unknown command.
You bludgeon Harold!! Your headbutt misses Harold.
Harold is severely wounded.
The orc warrior hits you but does no damage.
Unknown command.
You sock Harold!
Harold is almost dead.
The orc hits you but does no damage.
The orc warrior hits you with a +0 flail.
* * * LOW HITPOINT WARNING * * *
Harold gestures at you while chanting. The mark upon you grows brighter.
The orc warrior closely misses you.
You hit Harold. Your headbutt misses Harold.
Harold is almost dead.
The orc closely misses you.
The orc warrior hits you with a +0 flail.
* * * LOW HITPOINT WARNING * * *
Harold hits you with a +0 battleaxe.
* * * LOW HITPOINT WARNING * * *
The orc warrior hits you but does no damage.
You barely miss Harold.
Harold is almost dead.
The orc hits you but does no damage.
The orc warrior hits you with a +0 flail.
* * * LOW HITPOINT WARNING * * *
Harold barely misses you. You furiously retaliate!
You headbutt Harold.
You don't know any spells.
You don't know any spells.
You barely miss Harold. Your headbutt misses Harold.
Harold is almost dead.
The orc warrior hits you but does no damage.
The orc closely misses you. The orc warrior closely misses you.
Harold hits you with a +0 battleaxe!
You die...

........#........#
........###.....##
...$....###.....#
.......#..#..#.##
.............###
.........)#.###
.>.....oo##..##
......oo#....###
......o@@...##.##
.......oo..#....#
...............##
...#............#
...............##
...............##
..#...#........#
.#............##
.............#


You could see Harold, 3 orc warriors, an orc wizard (invisible) and 3 orcs.

Vanquished Creatures
  A hydra (D:8)
  Amaemon (D:8)
  Maurice (D:8)
  An orange demon (D:8)
  A troll (D:7)
  Sigmund (D:5)
  3 wyverns
  Grum (D:8)
  Eustachio (D:4)
  3 steam dragons
  Edmund (D:5)
  A water moccasin (D:8)
  Duvessa (D:6)
  3 ice beasts
  A sky beast (D:8)
  4 orc warriors (D:9)
  3 ogres (D:4)
  A centaur (D:9)
  5 wolves
  3 necrophages
  2 bullfrogs
  2 scorpions
  3 wights (D:8)
  Dowan (D:6)
  4 jellies
  5 orc priests
  A gnoll bouda (D:8)
  8 hounds
  Jessica (D:3)
  An iguana (D:4)
  Ijyb (D:5)
  3 orc wizards
  8 gnolls
  4 adders
  A shadow imp (D:7)
  An ufetubus (D:4)
  3 worms
  2 dart slugs
  30 orcs
  5 bats
  8 endoplasms
  3 giant cockroaches
  5 hobgoblins
  5 jackals
  10 kobolds
  4 quokkas
  10 ball pythons
  2 frilled lizards (D:2)
  3 goblins
  3 rats
176 creatures vanquished.

Vanquished Creatures (others)
  7 plants (D:4)
7 creatures vanquished.

Grand Total: 183 creatures vanquished

Notes
Turn   | Place    | Note
-------+----------+-------------------------------------------
     0 | D:1      | kyyface the Minotaur Berserker began the quest for the Orb.
     0 | D:1      | Reached XP level 1. HP: 19/19 MP: 0/0
   357 | D:1      | Reached XP level 2. HP: 27/27 MP: 1/1
   712 | D:1      | Reached XP level 3. HP: 22/33 MP: 2/2
   825 | D:1      | Reached ** piety under Trog
  1117 | D:2      | Found a faded altar of an unknown god.
  1926 | D:2      | Reached XP level 4. HP: 7/40 MP: 3/3
  2287 | D:3      | Reached skill level 5 in Long Blades
  2550 | D:3      | Noticed Jessica
  2555 | D:3      | Killed Jessica
  2556 | D:3      | Reached XP level 5. HP: 33/47 MP: 4/4
  2822 | D:4      | Noticed an ogre
  2838 | D:4      | Killed an ogre
  2839 | D:4      | Reached skill level 5 in Fighting
  3052 | D:4      | Noticed Eustachio
  3070 | D:4      | Killed Eustachio
  3071 | D:4      | Reached skill level 1 in Short Blades
  3071 | D:4      | Reached XP level 6. HP: 49/56 MP: 5/5
  3288 | D:4      | Reached *** piety under Trog
  3402 | D:4      | Found a staircase to the Ecumenical Temple.
  3413 | D:4      | Reached XP level 7. HP: 50/61 MP: 6/6
  3436 | Temple   | Entered the Ecumenical Temple
  3521 | D:4      | Reached skill level 5 in Armour
  3718 | D:5      | Entered Level 5 of the Dungeon
  3723 | D:5      | Noticed Edmund
  3739 | D:5      | Killed Edmund
  3882 | D:5      | Noticed Ijyb
  3892 | D:5      | Killed Ijyb
  3903 | D:5      | Reached skill level 1 in Throwing
  4060 | D:5      | Noticed Sigmund
  4073 | D:5      | Killed Sigmund
  4074 | D:5      | Reached skill level 1 in Maces & Flails
  4074 | D:5      | Reached XP level 8. HP: 43/70 MP: 7/7
  4471 | D:5      | Found a glowing golden altar of the Shining One.
  4838 | D:6      | Reached skill level 2 in Maces & Flails
  5279 | D:6      | Found a sacrificial altar of Ru.
  5279 | D:6      | Noticed Duvessa
  5279 | D:6      | Noticed Dowan
  5290 | D:6      | Killed Dowan
  5293 | D:6      | Killed Duvessa
  5294 | D:6      | Reached skill level 3 in Maces & Flails
  5448 | D:6      | Found a burning altar of Makhleb.
  5458 | D:6      | Reached skill level 4 in Maces & Flails
  5483 | D:6      | Reached **** piety under Trog
  5709 | D:6      | Found a broken altar of Ashenzari.
  5713 | D:6      | Saw a vision of the Shoals and the Snake Pit.
  5713 | D:6      | Noticed a merfolk siren
  5713 | D:6      | Noticed a black mamba
  5713 | D:6      | Noticed a merfolk
  5713 | D:6      | Noticed a merfolk
  5713 | D:6      | Noticed a merfolk
  5713 | D:6      | Noticed a black mamba
  5713 | D:6      | Noticed a merfolk
  5840 | D:6      | Reached skill level 5 in Maces & Flails
  6663 | D:7      | Reached XP level 9. HP: 77/78 MP: 8/8
  6689 | D:7      | Noticed a troll
  6697 | D:7      | Killed a troll
  6698 | D:7      | Reached skill level 6 in Maces & Flails
  6859 | D:8      | Reached skill level 7 in Maces & Flails
  6866 | D:8      | Noticed Grum
  6877 | D:8      | Found a white marble altar of Elyvilon.
  6882 | D:8      | Killed Grum
  6888 | D:8      | Reached skill level 8 in Maces & Flails
  7109 | D:8      | Found an ornate altar of the Wu Jian Council.
  7114 | D:8      | Found a bloodstained altar of Trog.
  7115 | D:8      | Found a shadowy altar of Dithmenos.
  7115 | D:8      | Found a stormy altar of Qazlal.
  7375 | D:8      | Noticed Maurice
  7397 | D:8      | Killed Maurice
  7398 | D:8      | Reached skill level 9 in Maces & Flails
  7478 | D:8      | Noticed a five-headed hydra
  7484 | D:8      | Killed a five-headed hydra
  7485 | D:8      | Reached skill level 10 in Maces & Flails
  7485 | D:8      | Reached XP level 10. HP: 50/88 MP: 9/9
  7733 | D:8      | Noticed an orange demon
  7737 | D:8      | Noticed Amaemon
  7742 | D:8      | Killed an orange demon
  7761 | D:8      | Killed Amaemon
  7762 | D:8      | Reached skill level 11 in Maces & Flails
  8073 | D:8      | Reached ***** piety under Trog
  8256 | D:9      | Found a staircase to the Lair.
  8405 | D:9      | Reached skill level 10 in Armour
  8843 | D:9      | Found a staircase to the Orcish Mines.
  8914 | Orc:1    | Entered Level 1 of the Orcish Mines
  8949 | Orc:1    | Noticed Harold
  8987 | Orc:1    | HP: 2/90 [orc warrior/+0 flail (5)]
  8988 | Orc:1    | Mangled by Harold

Illustrated notes

Levels and vault maps discovered:
D:1:      ncdulo_watergridlock, layout_basic, st_stairs_5, glass_columns_a
D:2:      layout_rooms, hellmonk_ecumenical_altar_arch_garden
D:3:      layout_basic, uniq_jessica
D:4:      layout_loops_ring, minmay_temple_entry_tees, serial_bayou_lagoon_b,
          uniq_eustachio
D:5:      layout_gridville, nicolae_tso_swordbearing_angel, uniq_sigmund,
          uniq_edmund, uniq_ijyb
D:6:      layout_basic, grunt_ashenzari_visionary
          [grunt_ashenzari_visionary_shoals, grunt_ashenzari_visionary_snake],
          mainiacjoe_overflow_small_starburst, mainiacjoe_overflow_24_doors,
          uniq_duvessa
D:7:      layout_basic, worldfamousw_hep_ancestral_shrine
D:8:      layout_loops_ring, minitemple, uniq_maurice, uniq_grum, uniq_amaemon
D:9:      layout_long_grid, erik_lair_island, david_orc_4
Temple:   hellmonk_temple_two_chambers
Orc:1:    layout_caves, gammafunk_ghost_split, uniq_harold

Skill      XL: |  1  2  3  4  5  6  7  8  9 10 |
---------------+-------------------------------+-----
Long Blades    | 4 5 6 |  6.8
Fighting       | 4 5 6 7 8 |  8.8
Armour         | 3 4 6 7 8 10 | 10.3
Dodging        | 3 |  3.8
Short Blades   | 1 2 4 |  4.5
Throwing       | 1 2 |  2.7
Maces & Flails | 1 5 10 11 | 11.5
Stealth        | |  0.7

Action                   |  1- 3 |  4- 6 |  7- 9 | 10-12 || total
-------------------------+-------+-------+-------+-------++-------
Melee: Falchion          |   119 |    39 |       |       ||   158
       Headbutt          |    15 |    11 |    39 |    28 ||    93
       Punch             |     2 |     3 |     4 |     3 ||    12
       Dagger            |       |    61 |    30 |       ||    91
       Flail             |       |       |   192 |   153 ||   345
Throw: Dart              |       |     4 |    14 |     1 ||    19
  Use: Scroll            |       |       |     1 |       ||     1
 Stab: Sleeping          |     1 |       |       |       ||     1
Armor: Animal skin       |    14 |       |       |       ||    14
       Chain mail        |    25 |    35 |    18 |       ||    78
       Plate armour      |       |       |   171 |   125 ||   296
Dodge: Dodged            |    89 |    29 |   110 |    71 ||   299

Table legend: (Time is in decaauts)
 A = Elapsed time spent in this place.
 B = Non-inter-level travel time spent in this place.
 C = Inter-level travel time spent in this place.
 D = Time resting spent in this place.
 E = Time spent auto-exploring this place.
 F = Levels seen in this place.
 G = Mean time per level.
                   A        B        C        D        E       F      G
               +--------+--------+--------+--------+--------+-----+--------+
         Total |   9006 |   9006 |      0 |   3781 |     59 |  11 |  818.7 |
       Dungeon |   8907 |   8907 |      0 |   3781 |     59 |   9 |  989.7 |
        Temple |     28 |     28 |      0 |      0 |      0 |   1 |   28.0 |
  Orcish Mines |     70 |     70 |      0 |      0 |      0 |   1 |   70.0 |
               +--------+--------+--------+--------+--------+-----+--------+

Top non-repeatable levels by time:
     D:6: 1810 daAuts
     D:8: 1344 daAuts
     D:2: 1186 daAuts
     D:5: 1027 daAuts
     D:1: 972 daAuts
     D:4: 879 daAuts
     D:9: 727 daAuts
     D:3: 678 daAuts
     D:7: 282 daAuts
   Orc:1: 70 daAuts
  Temple: 28 daAuts
